 Dungeon Crawl Stone Soup version 0.29.1-2-gbd0b4ee654 (webtiles) character file.

Game seed: 6139731224722200378

562 Avanven the Shooter (level 7, -6/60 HPs)
             Began as a Black Draconian Hunter on Nov 5, 2022.
             Killed from afar by an orc wizard (10 damage)
             ... with a puff of flame
             ... on level 5 of the Dungeon.
             The game lasted 00:09:39 (3142 turns).

Avanven the Shooter (Black Draconian Hunter)        Turns: 3142, Time: 00:09:39

Health: -6/60      AC:  9    Str: 13    XL:     7   Next: 10%
Magic:  7/7        EV: 12    Int: 10    God:
Gold:   314        SH:  0    Dex: 16    Spells: 3/6 levels left

rFire   . . .      SeeInvis .   a - +0 shortbow
rCold   . . .      Faith    .   (shield currently unavailable)
rNeg    . . .      Spirit   .   (body armour unavailable)
rPois   .          Reflect  .   (helmet restricted)
rElec   +          Harm     .   t - +0 cloak
rCorr   .          Rampage  .   m - +1 pair of gloves
Will    .....                   (no boots)
Stlth   ++........              l - amulet of regeneration
HPRegen 1.00/turn               (no ring)
MPRegen 0.10/turn               (no ring)

@: flying
A: breathe lightning, AC +6, unfitting armour, electricity resistance,
cold-blooded, horns 1, robust 1
a: Breathe Lightning


You were on level 5 of the Dungeon.
You visited 1 branch of the dungeon, and saw 5 of its levels.

You collected 314 gold pieces.

Inventory:

Hand Weapons
 a - a +0 shortbow (weapon)
Armour
 m - a +1 pair of gloves (worn)
 t - a +0 cloak (worn)
Jewellery
 c - a +6 ring of dexterity
 l - an amulet of regeneration (around neck)
 v - a +4 ring of protection
Scrolls
 b - 3 scrolls of immolation
 d - a scroll of amnesia
 f - a scroll of identify
 h - 2 scrolls of fog
Potions
 e - 2 potions of magic
 i - 2 potions of attraction
 k - a potion of flight
 n - a potion of might
 o - a potion of degeneration {unknown}
 r - a potion of ambrosia {unknown}


   Skills:
 - Level 2.1 Fighting
 * Level 7.9 Ranged Weapons
 - Level 1.7 Dodging
 - Level 0.8 Stealth
 + Level 0.1 Air Magic


You had 3 spell levels left.
You knew the following spells:

 Your Spells              Type           Power      Damage    Failure   Level
a - Swiftness             Air            0%         N/A       71%         3

Your spell library contained the following spells:

 Spells                   Type           Power      Damage    Failure   Level
 Ensorcelled Hibernation  Hex/Ice        0%         N/A       50%         2
 Passwall                 Tmut/Erth      0%         N/A       50%         2
 Conjure Flame            Conj/Fire      0%         6-21      75%         3
 Ignite Poison            Fire/Tmut/Pois 0%         N/A       75%         3
 Spider Form              Tmut/Pois      0%         N/A       75%         3
 Anguish                  Hex/Necr       0%         N/A       98%         4
 Sticky Flame             Conj/Fire      0%         2d3       98%         4
 Malign Gateway           Summ/Tloc      0%         N/A       100%        7
 Summon Horrible Things   Summ           0%         N/A       100%        8


Dungeon Overview and Level Annotations

Branches:
Dungeon (5/15)
 Temple: D:4-7

Altars:

Shops:
D:5 :*:

Annotations:
D:5 Menkaure


Innate Abilities, Weirdness & Mutations

You can breathe wild blasts of lightning.
Your glossy black scales are hard. (AC +6)
You cannot fit into any form of body armour.
You are resistant to electric shocks. (rElec)
You are cold-blooded and may be slowed by cold attacks.
You have a pair of small horns on your head.
You are robust. (+10% HP)


Message History

The orc wizard gestures at you while chanting.
The magic dart hits you.
* * * LOW HITPOINT WARNING * * *
Unknown command.
Cornered, the orc wizard turns to fight!
The orc wizard gestures wildly while chanting.
The orc wizard flickers and vanishes!
Deactivating autopickup; reactivate with Ctrl-A.
Something hits you.
* * * LOW HITPOINT WARNING * * *
Unknown command.
Okay, then.
You aren't carrying any items that you can evoke.
Unknown command.
It was a potion of curing.
You feel better.
You hear some strange, mumbled words.
A puff of flame appears from out of thin air!
The puff of flame hits you!
* * * LOW HITPOINT WARNING * * *
You feel better. Something hits you but does no damage.
Menkaure points at you and mumbles some strange words.
Pain shoots through your body!
* * * LOW HITPOINT WARNING * * *
You feel better.
Menkaure is no longer moving quickly.
Menkaure points at you and mumbles some strange words.
Pain shoots through your body!
* * * LOW HITPOINT WARNING * * *
You hear some strange, mumbled words.
A magic dart appears from out of thin air!
The magic dart hits you.
* * * LOW HITPOINT WARNING * * *
Fire: a) +0 shortbow
Press: ? - help, Q - select action, (/) - cycle Shift-Dir - straight line, f/p - Menkaure
Aim: Menkaure (heavily damaged, 77% to hit)
You shoot an arrow. The arrow hits Menkaure.
Menkaure is severely damaged.
You hear some strange, mumbled words.
A puff of flame appears from out of thin air!
The puff of flame hits you!
You die...

#.#........#
#.###.###.##
#.#..#...#.# #.....#
#.# #....#...#.#
####### #.##
###..#..##.# #...
#......##.# ####
#.#....##.## ##
#.#.#.#M...# #.
#.#.#.#'######## #.
..#M#.{@)......# #.
###.+....).....#
#####.
###..........####.....
############....####
########........
##......'†.......
#..######).......
######.## #........
#......#######........


You could see Menkaure.

Vanquished Creatures
  An ogre (D:4)
  A centaur (D:5)
  A necrophage (D:5)
  A scorpion (D:5)
  3 hounds
  2 orc priests (D:4)
  2 orc wizards
  An adder (D:4)
  4 worms
  10 orcs
  9 ball pythons
  5 endoplasms
  2 giant cockroaches
  2 goblins
  5 hobgoblins
  9 jackals
  2 quokkas
  4 bats
  6 frilled lizards
  5 kobolds
  4 rats
79 creatures vanquished.

Notes
Turn   | Place    | Note
-------+----------+-------------------------------------------
     0 | D:1      | Avanven the Draconian Hunter began the quest for the Orb.
     0 | D:1      | Reached XP level 1. HP: 17/17 MP: 1/1
   184 | D:1      | Reached skill level 4 in Ranged Weapons
   202 | D:1      | Reached XP level 2. HP: 24/24 MP: 2/2
   631 | D:1      | Found a faded altar of an unknown god.
  1050 | D:2      | Reached XP level 3. HP: 29/29 MP: 3/3
  1508 | D:3      | Reached skill level 5 in Ranged Weapons
  1508 | D:3      | Reached XP level 4. HP: 27/36 MP: 4/4
  2012 | D:4      | Reached XP level 5. HP: 41/41 MP: 5/5
  2032 | D:4      | Reached skill level 6 in Ranged Weapons
  2048 | D:4      | Gained mutation: You have a pair of small horns on your
                  | head. [potion of mutation]
  2048 | D:4      | Gained mutation: You are robust. (+10% HP) [potion of
                  | mutation]
  2758 | D:5      | Entered Level 5 of the Dungeon
  2773 | D:5      | Reached XP level 6. HP: 33/52 MP: 6/6
  2832 | D:5      | Reached skill level 7 in Ranged Weapons
  2917 | D:5      | Found Fuwowub's Book Boutique.
  2917 | D:5      | Found Yczu's Book Shoppe.
  2917 | D:5      | Found Weshrey's Assorted Antiques.
  2949 | D:4      | Your scales start taking on a glossy black colour.
  2949 | D:4      | Reached XP level 7. HP: 45/60 MP: 7/7
  2949 | D:4      | Gained mutation: You are resistant to electric shocks.
                  | (rElec) [Black Draconian growth]
  2970 | D:4      | Learned a level 3 spell: Swiftness
  3091 | D:5      | Noticed Menkaure
  3125 | D:5      | HP: 3/60 [Menkaure (17)]
  3127 | D:5      | HP: 1/60 [Menkaure (4)]
  3138 | D:5      | HP: 2/60 [something (3)]
  3142 | D:5      | Killed from afar by an orc wizard

Illustrated notes

Levels and vault maps discovered:
D:1:      evilmike_arrival_hilbert_curve, layout_basic,
          chequers_ecumenical_altar_grove, nicolae_kite_square_tiling_tiny
D:2:      layout_rooms
D:3:      layout_rooms, minmay_crystal_water, minmay_diced_spiral
D:4:      nicolae_cairo_tiling_large_dashed, layout_basic
D:5:      layout_basic, mainiacjoe_overflow_swirl, serial_shops, shop,
          shop_statue, shop, nicolae_shop_advertising_works
          [nicolae_subvault_shop_adworks], shop, hangedman_glass_teeth,
          corexii_corridor_pit, uniq_menkaure

Skill      XL: |  1  2  3  4  5  6 |
---------------+-------------------+-----
Ranged Weapons | 4 5 6 7 |  7.9
Fighting       | |  2.1
Dodging        | |  1.7
Stealth        | |  0.8
Air Magic      | |  0.1

Action                   |  1- 3 |  4- 6 |  7- 9 || total
-------------------------+-------+-------+-------++-------
Melee: Shortbow          |     2 |       |     1 ||     3
 Fire: Shortbow          |   104 |   155 |    15 ||   274
 Abil: Breathe Lightning |       |       |     1 ||     1
  Use: Scroll            |       |    12 |     3 ||    15
       Potion            |       |     1 |     7 ||     8
Armor: Skin              |    17 |    35 |    19 ||    71
Dodge: Dodged            |    30 |    71 |    15 ||   116
